 Dungeon Crawl Stone Soup version 0.31-a0-868-g674d60d6f7 (webtiles) character file.

Game seed: 18425576393233467895

30 wingedge the Magician (level 3, -3/24 HPs)
             Began as a Mummy Earth Elementalist on Oct 11, 2023.
             Slain by a gnoll
             ... wielding a +0 flail
              (6 damage)
             ... on level 1 of the Dungeon.
             The game lasted 00:02:45 (923 turns).

wingedge the Magician (Mummy Earth Elementalist)     Turns: 923, Time: 00:02:46

Health: -3/24      AC:  3    Str: 11    XL:     3   Next: 3%
Magic:  5/8        EV: 12    Int: 16    God:
Gold:   58         SH:  0    Dex: 12    Spells: 5/9 levels left

rFire   x . .        e - +0 hand axe
rCold   + . .        (no shield)
rNeg    + + +        c - +0 robe
rPois   ∞            (no helmet)
rElec   .            (no cloak)
rCorr   .            (no gloves)
SInv    .            d - +0 pair of boots
Will    .....        (no amulet)
Stlth   ++           (no ring)
HPRegen 0.24/turn    (no ring)
MPRegen 0.11/turn

%: faith
@: very slightly contaminated
A: cold resistance 1, negative energy resistance 3, torment resistance 2, heat
vulnerability 1, in touch with death 1, no potions, faith
a: no special abilities


You were on level 1 of the Dungeon.
You visited 1 branch of the dungeon, and saw 2 of its levels.

You collected 58 gold pieces.

Inventory:

Hand Weapons
 a - a +0 dagger
 e - a +0 hand axe (weapon)
Armour
 c - a +0 robe (worn)
 d - a +0 pair of boots (worn)
Scrolls
 f - a scroll of teleportation {unknown}


   Skills:
 - Level 1.5 Dodging
 - Level 1.5 Stealth
 + Level 3.7 Spellcasting
 + Level 0.0 Conjurations
 - Level 0.7 Transmutations
 + Level 3.0 Earth Magic


You had 5 spell levels left.
You knew the following spells:

 Your Spells              Type           Power      Damage    Failure   Level
a - Sandblast             Erth           24%        2d8       4%          1
b - Stone Arrow           Conj/Erth      14%        3d7       28%         3

Your spell library contained the following spells:

 Spells                   Type           Power      Damage    Failure   Level
 Passwall                 Tmut/Erth      6%         N/A       12%         2
 Petrify                  Tmut/Erth      8%         N/A       63%         4
 Brom's Barrelling Bould  Conj/Erth      7%         2d3       67%         4


Dungeon Overview and Level Annotations

Branches:
Dungeon (2/15)

Altars:


Innate Abilities, Weirdness & Mutations

You are immune to poison.
Your flesh is cold resistant. (rC+)
You are immune to negative energy. (rN+++)
You are immune to unholy pain and torment.
You are vulnerable to heat. (rF-)
You are in touch with the powers of death.
You do not drink.
You have a special connection with the divine. (Faith)


Message History

There is a staircase leading out of the dungeon here.
Done exploring.
Done exploring.
There is a stone staircase leading down here.
You climb downwards.
The gnoll shouts! x3
Found 15 gold pieces.
Found an escape hatch in the ceiling.
There is a stone staircase leading up here.
The blast of sand hits the gnoll.
The gnoll is heavily wounded.
Aiming: Sandblast (safe; 4% risk of failure)
Press: ? - help, Q - select action Shift-Dir - straight line, f/p - gnoll
Aim: a gnoll, wielding a +0 club (heavily wounded, 84% to hit)
The blast of sand hits the gnoll.
The gnoll is heavily wounded.
The gnoll closely misses you. The gnoll hits you with a +0 club!
The gnoll barely misses you. x2
The gnoll hits you from afar with a +0 spear.
You climb upwards.
There is a stone staircase leading down here.
Aiming: Sandblast (safe; 4% risk of failure)
Press: ? - help, Q - select action Shift-Dir - straight line, f - gnoll
Aim: a gnoll, wielding a +0 club (heavily wounded, 84% to hit)
You miscast Sandblast.
You are very lightly contaminated with residual magic.
Nothing appears to happen.
The gnoll completely misses you. The gnoll barely misses you.
Okay, then.
As you read the scroll labelled QOITOPN QAUH, it crumbles to dust.
It is a scroll of amnesia.
Okay, then.
The gnoll hits you with a +0 club. The gnoll hits you with a +0 flail!
* * * LOW HITPOINT WARNING * * *
Aiming: Sandblast (safe; 4% risk of failure)
Press: ? - help, Q - select action Shift-Dir - straight line, f/p - gnoll
Aim: a gnoll, wielding a +0 club (heavily wounded, 84% to hit)
The blast of sand hits the gnoll.
The gnoll is severely wounded.
The gnoll closely misses you. The gnoll hits you with a +0 flail.
You die...

###..#.# #.........# ###
#......###.#..####.# ###
#.#..#.....#..# #.# #..
#.#.!###..##..# #.# #.#
#.#...........# #.# #.#
##.##.###..##.#####.# #.#
##..##.....(.........## #.#
#..........gg#.####..)#####.#
#..#####.##@.#..............# ###
#..# #.##.#.#####>..####### ..#
#..#####.#.###...............
..#####..#.....##.#.######.########
.........#.....##..#######.#
......##...................#
..###.####.................# ###
#.# #.....##..######### #.#
########..#


You could see 2 gnolls.

Vanquished Creatures
  2 dart slugs (D:1)
  4 endoplasms (D:1)
  A giant cockroach (D:1)
  3 goblins (D:1)
  3 hobgoblins (D:1)
  A quokka (D:1)
  2 ball pythons (D:1)
  3 bats (D:1)
  A frilled lizard (D:1)
  A kobold (D:1)
  2 rats (D:1)
23 creatures vanquished.

Notes
Turn   | Place    | Note
-------+----------+-------------------------------------------
     0 | D:1      | wingedge the Mummy Earth Elementalist began the quest for
                  | the Orb.
     0 | D:1      | Reached XP level 1. HP: 13/13 MP: 4/4
   175 | D:1      | Reached XP level 2. HP: 19/19 MP: 3/6
   775 | D:1      | Reached XP level 3. HP: 24/24 MP: 5/8
   821 | D:1      | Learned a level 3 spell: Stone Arrow
   923 | D:1      | Slain by a gnoll

Illustrated notes

Levels and vault maps discovered:
D:1:      amcnicky_arrival_double_pillar, layout_loops_ring
D:2:      layout_basic, dilly_ecumenical_altar_fadedgnrine, uniq_robin,
          uniq_terence

Skill      XL: |  1  2 |
---------------+-------+-----
Spellcasting   | 3 |  3.7
Earth Magic    | 3 |  3.0
Dodging        | |  1.5
Stealth        | |  1.5
Transmutations | |  0.7

Action                     || total
---------------------------++-------
   Cast: Sandblast         ||    35
    Use: Scroll            ||     1
 Armour: Robe              ||     8
  Dodge: Dodged            ||     9

Table legend: (Time is in decaauts)
 A = Elapsed time spent in this place.
 B = Non-inter-level travel time spent in this place.
 C = Inter-level travel time spent in this place.
 D = Time resting spent in this place.
 E = Time spent auto-exploring this place.
 F = Levels seen in this place.
 G = Mean time per level.
                   A        B        C        D        E       F      G
               +--------+--------+--------+--------+--------+-----+--------+
         Total |    939 |    910 |     29 |     69 |    691 |   2 |  469.5 |
       Dungeon |    939 |    910 |     29 |     69 |    691 |   2 |  469.5 |
               +--------+--------+--------+--------+--------+-----+--------+

Top non-repeatable levels by time:
     D:1: 934 daAuts
     D:2: 4 daAuts
